 Dungeon Crawl Stone Soup version 0.17.1-2-g5865329 (webtiles) character file.

109 Opium the Shield-Bearer (level 4, -1/40 HPs)
             Began as a Hill Orc Fighter on Jan 18, 2016.
             Slain by an adder (3 damage)
             ... on level 3 of the Dungeon.
             The game lasted 00:09:10 (1656 turns).

Opium the Shield-Bearer (Hill Orc Fighter)          Turns: 1656, Time: 00:09:10

Health: -1/40      AC: 12    Str: 24    XL:     4   Next: 89%
Magic:  4/4        EV:  4    Int:  8    God:
Gold:   104        SH: 10    Dex: 10    Spells: 0 memorised, 3 levels left

rFire  . . .     SeeInvis .     a - +0 war axe
rCold  . . .     Clarity  .     f - +1 plate armour
rNeg   . . .     SustAt   .     c - +0 shield
rPois  .         Gourm    .     (no helmet)
rElec  .         Spirit   .     (no cloak)
rCorr  .         Warding  .     (no gloves)
rMut   .         Stasis   .     (no boots)
MR     .....                    (no amulet)
Stlth  ..........               n - ring of loudness (curse)
                                k - ring of stealth

@: mighty, lethally poisoned (-1 -> -8), not resistant to hostile enchantments,
extremely unstealthy
A: no striking features
a: no special abilities


You were on level 3 of the Dungeon.
You were not hungry.

You visited 1 branch of the dungeon, and saw 3 of its levels.

You collected 104 gold pieces.

Inventory:

Hand Weapons
 a - a +0 war axe (weapon)
Armour
 b - a +0 scale mail
 c - a +0 shield (worn)
 f - a +1 plate armour (worn)
Jewellery
 k - a ring of stealth (left hand)
 n - a cursed ring of loudness (right hand)
Scrolls
 i - 3 scrolls of identify {unknown}
 m - a scroll of teleportation {unknown}
 o - a scroll of random uselessness {unknown}
 s - a scroll of magic mapping {unknown}
Potions
 g - a potion of ambrosia {unknown}
 h - 2 potions of curing {unknown}
 p - a potion of invisibility {unknown}
 q - a potion of heal wounds {unknown}
 r - a potion of flight {unknown}
 u - a potion of degeneration {unknown}
Comestibles
 e - 2 bread rations
 j - a beef jerky
 l - 2 slices of pizza
 t - a meat ration
 v - 2 fruits


   Skills:
 * Level 4.3 Fighting
 * Level 3.6 Axes
 * Level 4.1 Armour
 + Level 0.1 Dodging
 * Level 4.4 Shields


You had 3 spell levels left.
You didn't know any spells.

Dungeon Overview and Level Annotations

Branches:
Dungeon (3/15)

Altars:
Makhleb
Ru
The Shining One


Message History

You feel sick.
The orc shouts!
You block the bat's attack.
The hobgoblin hits you but does no damage.
You block the adder's attack.
A giant newt and 2 orcs come into view.
An orc comes into view. It is wielding a club.
* * * LOW HITPOINT WARNING * * *
You feel sick.
The orc shouts! x3
You block the bat's attack. The bat hits you but does no damage.
The adder barely misses you. You block the orc wizard's attack.
You block the hobgoblin's attack.
A giant cockroach and a kobold come into view.
You feel yourself speed up.
* * * LOW HITPOINT WARNING * * *
You feel sick. The bat hits you but does no damage.
The orc wizard mumbles some strange words.
The orc wizard blinks!
The adder bites you.
You die...

............K...
#.............o.
...........o.l.
#...........o.
............#
...o......o.###
.........o....#
....(..@b§....###
.......Sg........
#..(....s......o........
#.............†.........
.....>......##.[..#.....
#.........#...#####....
#.............†##....[.
....<........#.#..##...
####.........#))o......


You could see an orc wizard, an adder, 6 orcs, a giant cockroach, a hobgoblin, a
bat, a kobold and a giant newt.

Vanquished Creatures
  An orc wizard (D:3)
  2 adders (D:3)
  2 giant geckos
  8 orcs (D:3)
  6 bats
  4 giant cockroaches
  7 goblins
  5 hobgoblins
  2 quokkas (D:2)
  A ball python (D:1)
  A giant newt (D:1)
  4 kobolds
  5 rats
48 creatures vanquished.

Notes
Turn   | Place    | Note
--------------------------------------------------------------
     0 | D:1      | Opium the Hill Orc Fighter began the quest for the Orb.
     0 | D:1      | Reached XP level 1. HP: 19/19 MP: 1/1
   126 | D:1      | Reached XP level 2. HP: 27/27 MP: 2/2
   543 | D:1      | Reached skill level 4 in Shields
   543 | D:1      | Reached XP level 3. HP: 28/33 MP: 3/3
   722 | D:2      | Found a sacrificial altar of Ru.
   886 | D:2      | Found a glowing golden altar of the Shining One.
  1411 | D:3      | Reached XP level 4. HP: 36/40 MP: 4/4
  1482 | D:3      | Found a burning altar of Makhleb.
  1488 | D:3      | Noticed a green death
  1492 | D:3      | Noticed an orange demon
  1492 | D:3      | Noticed an orange demon
  1656 | D:3      | HP: 2/40 [poisoned by an adder]
  1656 | D:3      | Slain by an adder

Action                   |  1- 3 |  4- 6 || total
-------------------------+-------+-------++-------
Melee: War axe           |   117 |    41 ||   158
  Use: Scroll            |     2 |       ||     2
       Potion            |       |     1 ||     1
  Eat: Chunk             |     1 |     2 ||     3
